[Event "Early-Titled-Tuesday-Blitz-August-29-2023"]
[Site "Chess.com"]
[Date "2023.08.29"]
[Round "5"]
[White "hurricane7791"]
[Black "Fan_Of_Chucky"]
[Result "0-1"]
[WhiteElo "2702"]
[BlackElo "2496"]
[TimeControl "180+1"]
[EndTime "8:54:20 PDT"]
[Termination "Fan_Of_Chucky won by checkmate"]

1. d4 Nf6 2. c4 c5 3. d5 b5 4. cxb5 a6 5. bxa6 g6 6. Nc3 Bg7 7. e4 O-O 8. Nf3 Qa5 9. Bd2 Bxa6 10. e5 Ng4 11. Ne4 Qb6 12. Bc3 f5 13. Ned2 c4 14. Qe2 Qc5 15. h3 Nh6 16. Rd1 Nf7 17. Nb1 e6 18. Bd4 Qxd5 19. Nc3 Qc6 20. Qe3 Bh6 21. Qe2 d5 22. exd6 Rd8 23. Ne5 Qb7 24. g3 Qxh1 25.
Nxf7 Kxf7 26. Qe5 Nd7 27. Qe2 e5 28. Be3 Bxe3 29. Qxe3 Bb7 30. Qg5 Bg2 31. Qe7+ Kg8 32. Ke2 Bf3+ 33. Kd2 Bxd1 34. Bxc4+ Kh8 35. Be6 Qc6 36. Nd5 Qc2+ 37. Ke3 Qe2# 0-1

[Event "Early-Titled-Tuesday-Blitz-August-29-2023"]
[Site "Chess.com"]
[Date "2023.08.29"]
[Round "5"]
[White "MikeSailer"]
[Black "joksijoksi"]
[Result "0-1"]
[WhiteElo "2178"]
[BlackElo "2483"]
[TimeControl "180+1"]
[EndTime "8:54:22 PDT"]
[Termination "joksijoksi won on time"]

1. e4 e5 2. d4 exd4 3. Qxd4 Nc6 4. Qe3 Nf6 5. Nc3 Bb4 6. Bd2 d6 7. O-O-O O-O 8. Bd3 Re8 9. Qg3 Ne5 10. f4 Nxd3+ 11.
cxd3 c5 12. Nf3 c4 13. e5 Nd7 14. d4 Nf8 15. h3 d5 16. Qf2 Bxc3 17. Bxc3 Bf5 18. g4 Be4 19. Rhg1 b5 20. Ng5 a5 21.
Nxe4 dxe4 22. Qe3 b4 23. Be1 Qd5 24. f5 c3 25. b3 a4 26. f6 axb3 27. Qg5 Ng6 28.
Rg2 bxa2 0-1

[Event "Early-Titled-Tuesday-Blitz-August-29-2023"]
[Site "Chess.com"]
[Date "2023.08.29"]
[Round "5"]
[White "leopato"]
[Black "superfast64"]
[Result "0-1"]
[WhiteElo "2138"]
[BlackElo "2420"]
[TimeControl "180+1"]
[EndTime "8:54:24 PDT"]
[Termination "superfast64 won on time"]

1. e4 c6 2. d4 d5 3. e5 c5 4. dxc5 e6 5. Be3 Nd7 6. Bb5 Qc7 7. Qd4 Ne7 8. b4 Nf5 9. Qc3 Be7 10. Nf3 O-O 11. O-O a6 12. Ba4 f6 13.
Bxd7 Bxd7 14. Nbd2 Rac8 15. Bf4 Bb5 16. Rfe1 Qd7 17.
a4 Bxa4 18. g4 Nh6 19. Bxh6 gxh6 20. Nd4 fxe5 21. Rxe5 Bf6 22. N2f3 Bxe5 23. Nxe5 Qe8 24. Rxa4 Qxa4 25. Nxe6 Rfe8 26. Qd4 Rxe6 27. Qxd5 Re8 28. f4 Qxc2 29. f5 Qb1+ 30. Kg2 Qb2+ 31. Kh3 Qxe5 0-1

[Event "Early-Titled-Tuesday-Blitz-August-29-2023"]
[Site "Chess.com"]
[Date "2023.08.29"]
[Round "5"]
[White "twofoxniel"]
[Black "Aleksandar-Topalov"]
[Result "1-0"]
[WhiteElo "2664"]
[BlackElo "2347"]
[TimeControl "180+1"]
[EndTime "8:54:25 PDT"]
[Termination "twofoxniel won by resignation"]

1. e4 e6 2. d4 d5 3. Nd2 Nf6 4.
e5 Ng8 5. Bd3 Ne7 6. c3 Qd7 7.
Ne2 b6 8. O-O Ba6 9. Bc2 c5 10.
Re1 Nbc6 11. Nf3 cxd4 12. Nexd4 Nxd4 13. Nxd4 Nc6 14. Ba4 Bb7 15. Qg4 a6 16. Nf3 b5 17.
Bc2 h6 18. Bf4 Na5 19. Qh5 g6 20. Qh3 Bg7 21. Rad1 Qc7 22. Nd4 Nc6 23. Nxe6 fxe6 24. Qxe6+ Kf8 25. Qxg6 Ne7 26. Qg3 Qc4 27. e6 Bf6 28. Qf3 Rb8 29. Bxb8 1-0

[Event "Early-Titled-Tuesday-Blitz-August-29-2023"]
[Site "Chess.com"]
[Date "2023.08.29"]
[Round "5"]
[White "AnujShrivatri21"]
[Black "Sadykov_Ramil"]
[Result "0-1"]
[WhiteElo "2814"]
[BlackElo "2634"]
[TimeControl "180+1"]
[EndTime "8:54:26 PDT"]
[Termination "Sadykov_Ramil won by resignation"]

1. e4 e5 2. Nf3 Nf6 3. Nxe5 d6 4. Nf3 Nxe4 5. d4 d5 6. Bd3 Bd6 7. O-O O-O 8. c4 c6 9. Re1 Bf5 10. Qb3 Qd7 11. Be3 Na6 12. a3 dxc4 13. Qxc4 Nf6 14. Bg5 Nd5 15. Qc2 Bxd3 16. Qxd3 Rfe8 17. Nc3 Nac7 18.
Ne5 Qc8 19. Ne4 Bxe5 20. dxe5 Rxe5 21. Qg3 Re6 22. Nd6 Qf8 23. Nxb7 Rb8 24. Na5 Rxb2 25. Rxe6 Nxe6 26. Nxc6 Qc5 27. Rc1 Rc2 28. Qb8+ Nf8 29. Rd1 Qxf2+ 0-1

[Event "Early-Titled-Tuesday-Blitz-August-29-2023"]
[Site "Chess.com"]
[Date "2023.08.29"]
[Round "5"]
[White "GMG"]
[Black "CFalcons8"]
[Result "1-0"]
[WhiteElo "2721"]
[BlackElo "2244"]
[TimeControl "180+1"]
[EndTime "8:54:29 PDT"]
[Termination "GMG won on time"]

1. d4 Nf6 2. c4 e6 3. Nf3 b6 4.
g3 Bb7 5. Bg2 Be7 6. O-O O-O 7.
Nc3 Ne4 8. Bd2 Nxc3 9. Bxc3 d5 10. cxd5 exd5 11. Qa4 Qd7 12. Qb3 Bf6 13. Ne5 Bxe5 14.
dxe5 Na6 15. Rfd1 Nc5 16. Qc2 a5 17. e4 c6 18. Bd4 Nxe4 19. Bxb6 Qe6 20. f3 Ng5 21. h4 Nh3+ 22. Kh2 Bc8 23. Rac1 Ra6 24. Bc5 Re8 25. Qd2 Ra8 26. Qd3 Bd7 27. Qf1 Qxe5 28. Bd4 1-0

[Event "Early-Titled-Tuesday-Blitz-August-29-2023"]
[Site "Chess.com"]
[Date "2023.08.29"]
[Round "5"]
[White "Good_Knight_Kiss"]
[Black "Zq1"]
[Result "0-1"]
[WhiteElo "2366"]
[BlackElo "2536"]
[TimeControl "180+1"]
[EndTime "8:54:30 PDT"]
[Termination "Zq1 won on time"]

1. e4 c5 2. Nf3 d6 3. d4 cxd4 4. Nxd4 Nf6 5. Nc3 Nc6 6. Nd5 g6 7. Nxf6+ exf6 8. Bf4 Be7 9. Bc4 O-O 10. O-O Nxd4 11.
Qxd4 f5 12. e5 dxe5 13. Bxe5 Qxd4 14. Bxd4 Be6 15. Bxe6 fxe6 16. Rfe1 Kf7 17. Be5 Rfd8 18. Rad1 Rac8 19. c3 a6 20. f4 b5 21. a3 h6 22. Kf2 g5 23. Kf3 a5 24. g3 g4+ 25.
Ke2 h5 26. Rxd8 Rxd8 27. Rd1 Rxd1 28. Kxd1 Bc5 29. Ke2 Ke8 30. b4 Bb6 31. Bd4 Bc7 32. bxa5 Bxa5 33. Kd3 Kd7 34. c4 Kc6 35. cxb5+ Kxb5 36. Kc2 Kc4 0-1

[Event "Early-Titled-Tuesday-Blitz-August-29-2023"]
[Site "Chess.com"]
[Date "2023.08.29"]
[Round "5"]
[White "maksimys18"]
[Black "IPAchess"]
[Result "0-1"]
[WhiteElo "2507"]
[BlackElo "2358"]
[TimeControl "180+1"]
[EndTime "8:54:30 PDT"]
[Termination "IPAchess won by checkmate"]

1. d4 d5 2. Nf3 Nf6 3. c4 e6 4.
Nc3 Bb4 5. Bg5 h6 6. Bh4 g5 7.
Bg3 Ne4 8. Qc2 h5 9. cxd5 exd5 10. e3 h4 11. Be5 f6 12. Nxg5 fxe5 13. Nxe4 exd4 14.
exd4 dxe4 15. O-O-O Bxc3 16. bxc3 Qg5+ 17. Kb2 Bf5 18. Re1 Nd7 19. f3 e3 20. Qa4 O-O-O 21.
Qxa7 Rh6 22. Ka1 Rb6 23. Rg1 e2 24. Bxe2 Qd2 25. Qa3 Re8 26. Qc1 Qxc1+ 27. Rxc1 Rxe2 28. g4 hxg3 29. Rxg3 Kb8 30. Rg8+ Ka7 31. Rg5 Rbb2 32.
Rxf5 Rxa2+ 33. Kb1 Reb2# 0-1

[Event "Early-Titled-Tuesday-Blitz-August-29-2023"]
[Site "Chess.com"]
[Date "2023.08.29"]
[Round "5"]
[White "thedjoker98"]
[Black "ShahMatKanal"]
[Result "1/2-1/2"]
[WhiteElo "2564"]
[BlackElo "2432"]
[TimeControl "180+1"]
[EndTime "8:54:30 PDT"]
[Termination "Game drawn by stalemate"]

1. d4 Nf6 2. c4 e5 3. dxe5 Ng4 4. Bf4 Nc6 5. Nf3 Bb4+ 6. Nbd2 Qe7 7. e3 Ngxe5 8. Nxe5 Nxe5 9. Be2 O-O 10. O-O d6 11. Nb3 b6 12. a3 Bc5 13. Nxc5 bxc5 14. b4 f6 15. bxc5 dxc5 16. Rb1 Be6 17. Qa4 Qf7 18. Rfc1 c6 19. Bxe5 fxe5 20. Rf1 Rab8 21. Rxb8 Rxb8 22.
Qxc6 Bxc4 23. Bxc4 Qxc4 24. Qc7 Qb5 25. Qxe5 c4 26.
Qxb5 Rxb5 27. Rc1 Rb3 28. Kf1 Rxa3 29. Rxc4 Ra2 30. Rc7 h5 31. h4 Kh7 32. e4 Kg6 33. f3 Kf6 34. Kg1 a5 35. Kh2 a4 36.
Kg3 a3 37. Ra7 g6 38. f4 Ra1 39. Ra6+ Kf7 40. e5 a2 41. Kh2 Ke7 42. g3 Kd7 43. Kg2 Kc7 44. e6 Re1 45. Rxa2 Rxe6 46. Ra5 Kd7 47. f5 gxf5 48. Rxf5 Rh6 49. Kf3 Ke6 50. Kf4 Rf6 51. Rxf6+ Kxf6 52. Ke4 Ke6 53.
Kf3 Kf5 54. Kg2 Ke5 55. Kf2 Ke4 56. Ke2 Ke5 57. Ke3 Kf5 58. Kf3 Ke5 59. Kf2 Ke4 60.
Kf1 Kf3 61. Kg1 Kxg3 62. Kh1 Kxh4 63. Kg1 Kg3 64. Kh1 h4 65. Kg1 h3 66. Kh1 h2 1/2-1/2

[Event "Early-Titled-Tuesday-Blitz-August-29-2023"]
[Site "Chess.com"]
[Date "2023.08.29"]
[Round "5"]
[White "jerry_77"]
[Black "Mikhail_Bryakin"]
[Result "0-1"]
[WhiteElo "2625"]
[BlackElo "2832"]
[TimeControl "180+1"]
[EndTime "8:54:33 PDT"]
[Termination "Mikhail_Bryakin won by resignation"]

1. e4 d5 2. exd5 Qxd5 3. Nc3 Qe5+ 4. Qe2 Qxe2+ 5. Ngxe2 Bf5 6. d3 c6 7. Bf4 Nd7 8.
O-O-O e5 9. Bg3 O-O-O 10. h3 h5 11. f4 h4 12. Bh2 Bd6 13. Ne4 Bc7 14. Ng5 Nh6 15.
fxe5 Bxe5 16. Bg1 Bf6 17. Nf3 a6 18. Ned4 Bg6 19. Nb3 Nf5 20. Bf2 Ng3 21. Bxg3 hxg3 22. d4 Nb6 23. Bd3 Bxd3 24. Rxd3 Nd5 25. c3 Nf4 26. Rd2 g5 27. Re1 Rde8 28. Rxe8+ Rxe8 29. Kc2 Re3 30. Ng1 Re1 31. Nf3 Rf1 32. Nc1 Nxh3 33.
gxh3 Rxf3 34. Nd3 Be7 35. Ne5 Rf2 36. Kd3 Bd6 37. Rxf2 gxf2 38. Ke2 Bxe5 39. dxe5 Kd7 40.
Kxf2 Ke6 41. Kf3 Kxe5 42. Kg4 f6 43. Kf3 f5 0-1

[Event "Early-Titled-Tuesday-Blitz-August-29-2023"]
[Site "Chess.com"]
[Date "2023.08.29"]
[Round "5"]
[White "Hamisandwich"]
[Black "bascheyaro"]
[Result "0-1"]
[WhiteElo "2604"]
[BlackElo "2808"]
[TimeControl "180+1"]
[EndTime "8:54:33 PDT"]
[Termination "bascheyaro won by resignation"]

1. c4 e6 2. Nf3 d5 3. g3 Nf6 4.
Bg2 Be7 5. O-O O-O 6. b3 Nbd7 7. e3 b6 8. Bb2 Bb7 9. cxd5 exd5 10. Nc3 Ne4 11.
Ne2 Bf6 12. d4 c5 13. Nf4 c4 14. bxc4 dxc4 15. Rc1 Rc8 16. Ne5 b5 17. Qc2 Bxe5 18. Bxe4 Bxe4 19. Qxe4 Bxf4 20. Qxf4 Qf6 21. Qxf6 Nxf6 22.
f3 b4 23. e4 c3 24. Ba1 Rc4 25. d5 Nd7 26. Rc2 a5 27. Rd1 f5 28. Re2 fxe4 29.
fxe4 Ne5 30. d6 Rd8 31. Rd5 Nf3+ 32. Kg2 Nd4 33. Rxd4 Rxd4 34. e5 Rd2 35. Kf3 Rxe2 36. Kxe2 Kf7 37. Kd3 Ke6 0-1

[Event "Early-Titled-Tuesday-Blitz-August-29-2023"]
[Site "Chess.com"]
[Date "2023.08.29"]
[Round "5"]
[White "Dedic8"]
[Black "amintabatabaei"]
[Result "1-0"]
[WhiteElo "2844"]
[BlackElo "2945"]
[TimeControl "180+1"]
[EndTime "8:54:39 PDT"]
[Termination "Dedic8 won by resignation"]

1. d4 Nf6 2. c4 e5 3. dxe5 Ng4 4. Nf3 Bc5 5. e3 Nc6 6. Nc3 O-O 7. Be2 Ngxe5 8. Nxe5 Nxe5 9. O-O a5 10. b3 Re8 11.
Bb2 Ra6 12. Nd5 Rh6 13. g3 d6 14. f4 Nd7 15. Bd4 c6 16. Nc3 Qe7 17. Qd2 Nf6 18.
Bf3 Ng4 19. Bxg4 Bxg4 20. Rae1 Bh3 21. Rf2 Re6 22. f5 Rxe3 23. Rxe3 Qxe3 24. Bxe3 Bxe3 25.
Qe2 Bxf5 26. Nd1 Bxf2+ 27. Qxf2 Be4 28. Nc3 Bg6 29. Qb6 h5 30. Qxb7 Re3 31. Qa8+ Kh7 32. Qxa5 h4 33. gxh4 c5 34. Nd5 Re4 35. Qd8 Re6 36.
a4 Bc2 37. a5 Bxb3 38. a6 Bxc4 39. Nc7 Re1+ 40. Kf2 Re2+ 41. Kf3 Ra2 42. Qxd6 Bf1 43.
Qd1 Ra3+ 44. Kf2 Bd3 45. a7 Be4 46. Qh5+ Kg8 47. Qxc5 Ra2+ 48. Ke3 f5 49. Qc4+ 1-0

[Event "Early-Titled-Tuesday-Blitz-August-29-2023"]
[Site "Chess.com"]
[Date "2023.08.29"]
[Round "5"]
[White "jsdbv18"]
[Black "Road2GM3000"]
[Result "1-0"]
[WhiteElo "2601"]
[BlackElo "2430"]
[TimeControl "180+1"]
[EndTime "8:54:39 PDT"]
[Termination "jsdbv18 won on time"]

1. d4 d5 2. Bf4 Nf6 3. e3 c6 4. c4 e6 5. Nc3 Bd6 6. c5 Bxf4 7.
exf4 Nbd7 8. Nf3 b6 9. b4 a5 10. a3 O-O 11. Bd3 Ba6 12. O-O Bxd3 13. Qxd3 Qc7 14.
Ne5 bxc5 15. bxc5 Rfb8 16. Rab1 h6 17. g3 a4 18. Na2 Ne4 19. Nb4 Nxe5 20. fxe5 Rb5 21.
Kg2 f6 22. f3 Ng5 23. h4 Nh7 24. Rfe1 f5 25. Qc2 Kh8 26. Nd3 Rxb1 27. Rxb1 g5 28.
hxg5 Nxg5 29. Rh1 Qg7 30. Nf4 Rg8 31. Qf2 Kh7 32. Nh5 Qf8 33. Nf6+ Kg6 34. Nxg8 Qxg8 35.
Rb1 Qa8 36. Rb6 Qa5 37. Rxc6 h5 38. Qe2 Qc3 39. Qf2 f4 40. gxf4 1-0

[Event "Early-Titled-Tuesday-Blitz-August-29-2023"]
[Site "Chess.com"]
[Date "2023.08.29"]
[Round "5"]
[White "Flaccidmoves"]
[Black "cottage_cheese"]
[Result "1-0"]
[WhiteElo "2480"]
[BlackElo "2294"]
[TimeControl "180+1"]
[EndTime "8:54:39 PDT"]
[Termination "Flaccidmoves won on time"]

1. d4 Nf6 2. c4 e6 3. Nc3 Bb4 4. e3 O-O 5. Ne2 b6 6. a3 Bxc3+ 7. Nxc3 Bb7 8. f3 d5 9. cxd5 exd5 10. Bd3 Ba6 11.
O-O Re8 12. Bxa6 Nxa6 13. Qd3 Nb8 14. e4 dxe4 15. fxe4 Nbd7 16. Bg5 h6 17. Bh4 g5 18. Bg3 Nc5 19. Qc4 Ncxe4 20. Be5 Nd2 21. Qc6 Nxf1 22. Bxf6 Re6 23. Qxe6 Qf8 24. Qe7 Re8 25. Qxf8+ Kxf8 26. Rxf1 Re3 27. Kf2 Rd3 28. Re1 Rd2+ 29. Re2 Rd3 30.
Nd5 c5 31. Nc7 1-0

[Event "Early-Titled-Tuesday-Blitz-August-29-2023"]
[Site "Chess.com"]
[Date "2023.08.29"]
[Round "5"]
[White "Cherneevo_23"]
[Black "campochess"]
[Result "1-0"]
[WhiteElo "2422"]
[BlackElo "2185"]
[TimeControl "180+1"]
[EndTime "8:54:40 PDT"]
[Termination "Cherneevo_23 won by resignation"]

1. Nf3 c5 2. c4 Nc6 3. d4 cxd4 4. Nxd4 Nf6 5. Nc3 g6 6. e4 d6 7. Be2 Bg7 8. Be3 Nd7 9. O-O O-O 10. Qd2 Re8 11.
Rfd1 Nf8 12. f3 Ne6 13. Nb3 b6 14. Nd5 Nc7 15. Rac1 Bb7 16. Bh6 Bh8 17. Bg5 Ne5 18. Nd4 Bxd5 19. cxd5 Qd7 20. f4 Ng4 21. Rxc7 Qxc7 22.
Bxg4 Qc5 23. Kh1 e5 24. dxe6 fxe6 25. Bxe6+ Rxe6 26. Nxe6 Qc4 27. Qd5 Qxd5 28. exd5 Bxb2 29. Be7 Ba3 30. Rd3 Bb4 31. g3 Rc8 32. a3 Kf7 33. axb4 Kxe7 34. Ra3 a5 35. bxa5 bxa5 36. Rxa5 Rc2 37.
g4 Kf6 38. Ra7 h5 39. g5+ Kf5 40. Rf7+ Kg4 41. Nd4 Rd2 42. f5 Kh3 43. Kg1 Rxd4 44. fxg6 Rg4+ 45. Kf2 Rxg5 46. Rf6 Rxd5 47. Kf3 Rg5 48. Kf4 Rg1 49. Kf5 d5 50. Rd6 Kxh2 51. Rxd5 h4 52. Kf6 h3 53. g7 Kh1 54. Rg5 Rxg5 55.
Kxg5 h2 56. g8=Q Kg2 57. Kf4+ Kf1 58. Qc4+ Kf2 59. Qc2+ Kg1 60. Kg3 1-0

[Event "Early-Titled-Tuesday-Blitz-August-29-2023"]
[Site "Chess.com"]
[Date "2023.08.29"]
[Round "5"]
[White "19912131712118"]
[Black "The_Princess_Moon"]
[Result "1-0"]
[WhiteElo "2442"]
[BlackElo "2191"]
[TimeControl "180+1"]
[EndTime "8:54:41 PDT"]
[Termination "19912131712118 won on time"]

1. e4 c5 2. Nf3 a6 3. d4 cxd4 4. Nxd4 Nf6 5. Nc3 e5 6. Nb3 Bb4 7. Bd3 Bxc3+ 8. bxc3 Qc7 9. Bd2 d6 10. O-O O-O 11. Qf3 Re8 12. Rad1 b5 13. Bg5 Bg4 14.
Qg3 Nbd7 15. f3 Bh5 16. Qh4 Bg6 17. f4 Bh5 18. Rde1 Qxc3 19. fxe5 Rxe5 20. Bf4 Re6 21. Bd2 Qc7 22. Nd4 Re5 23. Bf4 Qb6 24. Be3 Qc7 25. Nf5 Bg6 26. Bd4 Re6 27. Kh1 Rae8 28. Re3 Ne5 29. Rh3 Nxd3 30. cxd3 h6 31. Nxh6+ gxh6 32. Qxh6 1-0

[Event "Early-Titled-Tuesday-Blitz-August-29-2023"]
[Site "Chess.com"]
[Date "2023.08.29"]
[Round "5"]
[White "wadsy27"]
[Black "artin10862"]
[Result "0-1"]
[WhiteElo "2606"]
[BlackElo "2814"]
[TimeControl "180+1"]
[EndTime "8:54:42 PDT"]
[Termination "artin10862 won by resignation"]

1. Nf3 Nf6 2. g3 d5 3. Bg2 Bf5 4. c4 e6 5. Qb3 Nc6 6. d3 Bb4+ 7. Bd2 a5 8. a3 a4 9. Qc2 Bxd2+ 10. Nbxd2 O-O 11. O-O h6 12. Rac1 d4 13. c5 e5 14.
Nc4 Re8 15. Nh4 Bg4 16. h3 Be6 17. Qd2 Qd7 18. Kh2 Nd5 19. Nf3 f6 20. e4 dxe3 21. fxe3 Nde7 22. Nh4 Red8 23. Rfd1 Bd5 24. Bxd5+ Qxd5 25. e4 Qxc5 26. Ne3 Qa5 27. Qf2 Nd4 28.
Nef5 Nec6 29. Nxh6+ gxh6 30. Qxf6 Rd6 31. Qf1 Rf8 32.
Nf5 Rdf6 33. g4 Ne6 34. Qf2 Qb6 35. Qd2 Ncd4 36. Nxh6+ Kh7 0-1

[Event "Early-Titled-Tuesday-Blitz-August-29-2023"]
[Site "Chess.com"]
[Date "2023.08.29"]
[Round "5"]
[White "atalz0"]
[Black "amanjazu"]
[Result "0-1"]
[WhiteElo "2464"]
[BlackElo "2327"]
[TimeControl "180+1"]
[EndTime "8:54:42 PDT"]
[Termination "amanjazu won by checkmate"]

1. d4 f5 2. g3 Nf6 3. Bg2 g6 4. Nh3 Bg7 5. c4 O-O 6. Nc3 d6 7. d5 a5 8. Nf4 Na6 9. h4 Nc5 10. h5 Qe8 11. Be3 g5 12. h6 Bh8 13. Ne6 Nxe6 14. dxe6 Bxe6 15. Bxg5 Ne4 16. Nxe4 fxe4 17. Bxe4 Bxb2 18. Rb1 Bc3+ 19. Kf1 Qf7 20. Be3 Bxc4 21.
Qc2 Bd5 22. Rh4 Bxe4 23. Rxe4 Bf6 24. Rg4+ Kh8 25. Bd4 Qd5 26. Bxf6+ Rxf6 27. Kg1 Rxh6 28. Qc3+ e5 29. Qxc7 Qh1# 0-1

[Event "Early-Titled-Tuesday-Blitz-August-29-2023"]
[Site "Chess.com"]
[Date "2023.08.29"]
[Round "5"]
[White "madmax011"]
[Black "TC2304"]
[Result "0-1"]
[WhiteElo "2286"]
[BlackElo "2439"]
[TimeControl "180+1"]
[EndTime "8:54:42 PDT"]
[Termination "TC2304 won by resignation"]

1. d4 d5 2. c4 c6 3. Nf3 Nf6 4. g3 Bf5 5. Nc3 e6 6. Nh4 Bg6 7. Nxg6 hxg6 8. Qd3 Nbd7 9. e4 dxe4 10. Nxe4 Be7 11.
Bg2 Nxe4 12. Qxe4 Nf6 13. Qd3 O-O 14. O-O c5 15. Rd1 cxd4 16. Qxd4 Qxd4 17. Rxd4 Bc5 18. Rd3 Rad8 19. Rxd8 Rxd8 20. Bg5 b6 21. Kf1 Rd4 22. b3 Ng4 23. h4 Nxf2 24. Be3 Rd1+ 25. Rxd1 Nxd1 26.
Bxc5 bxc5 27. Ke1 Ne3 28. Be4 Kf8 29. Ke2 Nf5 30. Kf3 Ke7 31. Bd3 Kd6 32. Kf4 Nd4 33. g4 e5+ 34. Ke4 f5+ 35. gxf5 gxf5+ 36. Ke3 e4 37.
Bf1 Ke5 38. h5 f4+ 39. Kd2 f3 40. Ke1 e3 41. Bd3 Kf4 42. Kf1 e2+ 43. Ke1 Ke3 44.
Bxe2 fxe2 0-1

[Event "Early-Titled-Tuesday-Blitz-August-29-2023"]
[Site "Chess.com"]
[Date "2023.08.29"]
[Round "5"]
[White "BahadirOzen"]
[Black "Djager97"]
[Result "1-0"]
[WhiteElo "2808"]
[BlackElo "2602"]
[TimeControl "180+1"]
[EndTime "8:54:43 PDT"]
[Termination "BahadirOzen won by resignation"]

1. g3 d5 2. Nf3 Nd7 3. Bg2 e5 4.
d3 Ngf6 5. O-O Bd6 6. Nbd2 O-O 7.
e4 c6 8. Re1 Re8 9. b3 a5 10.
a3 dxe4 11. dxe4 a4 12. Nc4 Bc7 13. Nd6 Re6 14. Nxc8 Qxc8 15. b4 b5 16. c4 bxc4 17.
Qc2 c5 18. b5 Ba5 19. Rd1 c3 20. Bh3 Re7 21. Bg5 Qb7 22. Qxa4 h6 23. Be3 Nb6 24. Qc2 Qc7 25. Nh4 Nc4 26. Nf5 Ree8 27. Bf1 Nxe3 28. Nxe3 Qb7 29. f3 Rad8 30. Nc4 Bc7 31. a4 Rd4 32.
Qxc3 Red8 33. Rdb1 Nh5 34. b6 Bb8 35. a5 Qe7 36. a6 1-0

[Event "Early-Titled-Tuesday-Blitz-August-29-2023"]
[Site "Chess.com"]
[Date "2023.08.29"]
[Round "5"]
[White "Sinquefield"]
[Black "Aygehovit1992"]
[Result "0-1"]
[WhiteElo "2437"]
[BlackElo "2744"]
[TimeControl "180+1"]
[EndTime "8:54:47 PDT"]
[Termination "Aygehovit1992 won by checkmate"]

1. d4 Nf6 2. Nf3 g6 3. Bg5 Bg7 4. Nbd2 d5 5. e3 h6 6. Bh4 g5 7.
Bg3 Ne4 8. Nxe4 dxe4 9. Nd2 c5 10. c3 cxd4 11. cxd4 Bf5 12. Bc4 Nc6 13. O-O O-O 14. a3 Rc8 15. b4 Nxd4 16. exd4 Qxd4 17. Rc1 Rfd8 18. Qb3 Qxd2 19. Bxf7+ Kh8 20. Rxc8 Rxc8 21. Be6 Bxe6 22. Qxe6 Rc1 23. Qxe4 Rxf1+ 24. Kxf1 Qc1+ 25. Ke2 Qb2+ 26. Kf1 Qxa3 27. Qxe7 Qd3+ 28. Qe2 Qb1+ 29. Qe1 Qxe1+ 30. Kxe1 Bc3+ 31. Ke2 Bxb4 32. Kd3 a6 33.
Kc4 Be7 34. Kd5 Kg7 35. Ke6 Ba3 36. f4 b5 37. f5 Kf8 38. Bc7 Bc5 39. g4 b4 40. Ba5 b3 41. Bc3 Ba3 42. Kf6 b2 43. Bxb2 Bxb2+ 44. Kg6 a5 45. Kxh6 a4 46. Kxg5 a3 47.
Kg6 a2 48. g5 a1=Q 49. f6 Bxf6 50. h4 Bg7 51. h5 Qb1# 0-1

[Event "Early-Titled-Tuesday-Blitz-August-29-2023"]
[Site "Chess.com"]
[Date "2023.08.29"]
[Round "5"]
[White "IljaZaragatski"]
[Black "alexrustemov"]
[Result "0-1"]
[WhiteElo "2627"]
[BlackElo "2853"]
[TimeControl "180+1"]
[EndTime "8:54:47 PDT"]
[Termination "alexrustemov won by resignation"]

1. g3 d5 2. Nf3 c6 3. Bg2 Bf5 4. c4 e6 5. O-O Nf6 6. cxd5 exd5 7. d3 Be7 8. Qb3 Qb6 9. Qc2 h6 10. Nc3 O-O 11. e4 Bh7 12. Be3 Qa6 13. Rfd1 dxe4 14.
dxe4 Nbd7 15. Nd4 Rfe8 16. Bf1 Qa5 17. Nb3 Qh5 18. Be2 Ng4 19. Bxg4 Qxg4 20. Qe2 Qxe2 21.
Nxe2 Ne5 22. Nc3 Bb4 23. Nc5 Bxc3 24. bxc3 b6 25. Nb7 Nf3+ 26. Kg2 Bxe4 27. Nd6 Ng5+ 28. Nxe4 Nxe4 29. c4 c5 30. a4 Rad8 31. Rxd8 Rxd8 32.
a5 Nd6 33. axb6 axb6 34. Rd1 Kf8 35. Bf4 Ke7 36. Re1+ Kd7 37. Bxd6 Kxd6 38. Kf3 Kc6 39. Re7 Rd7 40. Re8 Rd4 41. Re7 Rxc4 42. Rxf7 b5 43. Rxg7 b4 44. Rg6+ Kb5 45. Rxh6 b3 46. Rh8 Rb4 47.
Rb8+ Kc4 48. Re8 b2 0-1

[Event "Early-Titled-Tuesday-Blitz-August-29-2023"]
[Site "Chess.com"]
[Date "2023.08.29"]
[Round "5"]
[White "Rsnr"]
[Black "jk13"]
[Result "1-0"]
[WhiteElo "2906"]
[BlackElo "2653"]
[TimeControl "180+1"]
[EndTime "8:54:48 PDT"]
[Termination "Rsnr won by resignation"]

1. d4 Nf6 2. c4 e6 3. Nf3 Bb4+ 4.
Nbd2 O-O 5. a3 Be7 6. e4 d5 7. e5 Nfd7 8. Bd3 c5 9. h4 g6 10. O-O Nc6 11. Re1 a5 12. cxd5 exd5 13. h5 cxd4 14.
hxg6 fxg6 15. Nb3 a4 16. Nbxd4 Nxd4 17. Nxd4 Nc5 18. Bc2 Bh4 19. g3 Bg5 20. f4 Be7 21. Be3 Qb6 22. Qe2 Bd7 23. Kg2 Rae8 24. Rh1 Ne4 25.
Bxe4 dxe4 26. Qc4+ Kh8 27. Rxh7+ Kxh7 28. Rh1+ Kg7 29.
Nf5+ Bxf5 30. Bxb6 Rc8 31. Qxa4 Rc6 32. Bd4 Rfc8 33.
e6+ Bf6 34. Bxf6+ Kxf6 35. Qd4+ Kxe6 36. Qe5+ Kd7 37. Rh7+ 1-0

[Event "Early-Titled-Tuesday-Blitz-August-29-2023"]
[Site "Chess.com"]
[Date "2023.08.29"]
[Round "5"]
[White "Chessmissile07"]
[Black "Aswathchess"]
[Result "0-1"]
[WhiteElo "2817"]
[BlackElo "2507"]
[TimeControl "180+1"]
[EndTime "8:54:48 PDT"]
[Termination "Aswathchess won by checkmate"]

1. e4 g6 2. d4 Bg7 3. c3 d6 4. Bd3 Nf6 5. Bg5 O-O 6. Nf3 Nc6 7. Nbd2 h6 8. Bh4 e5 9. dxe5 dxe5 10. Qe2 Qe7 11. O-O g5 12. Bg3 Nh5 13. Rfd1 Nf4 14. Bxf4 exf4 15. Nb3 g4 16. Nfd4 Ne5 17. Nf5 Qg5 18.
Nxg7 Kxg7 19. Nd4 c5 20. Nf5+ Bxf5 21. exf5 Nf3+ 22. Kh1 Rae8 23. Be4 Nxh2 24. Kxh2 f3 25. gxf3 Qh4+ 26. Kg1 gxf3 27. f6+ Kh8 28. Qxf3 Rxe4 29.
Kf1 Rf4 30. Qg2 Rg8 31. Rd8 Rxf2+ 32. Qxf2 Qh3+ 33. Ke2 Rxd8 34. Re1 Qd3# 0-1

[Event "Early-Titled-Tuesday-Blitz-August-29-2023"]
[Site "Chess.com"]
[Date "2023.08.29"]
[Round "5"]
[White "zabivol_mc"]
[Black "Juicy_Fork"]
[Result "1-0"]
[WhiteElo "2576"]
[BlackElo "2396"]
[TimeControl "180+1"]
[EndTime "8:54:48 PDT"]
[Termination "zabivol_mc won on time"]

1. e4 e5 2. Nf3 Nc6 3. Bc4 Nf6 4. d3 Bc5 5. Nc3 d6 6. Na4 Bb6 7. a3 h6 8. O-O O-O 9. b4 Be6 10. Nxb6 axb6 11. Qe2 Re8 12. Bb2 d5 13. exd5 Bxd5 14. Bxd5 Nxd5 15. Rfe1 f6 16. Qe4 Qd7 17. Nh4 Nf4 18. g3 Nh3+ 19. Kg2 Ng5 20. Qf5 Qd5+ 21. f3 b5 22. Re3 Nd4 23. Bxd4 Qxd4 24. Rae1 Rxa3 25.
Qg6 Qd7 26. Nf5 Kh8 27. Nxg7 Rg8 28. Qxh6+ Nh7 29. Nh5 Qf7 30. Re4 Rg6 31. Qe3 Ra2 32. Re2 c6 33. d4 exd4 34. Re8+ Rg8 35. Rxg8+ Kxg8 36. Qh6 1-0

[Event "Early-Titled-Tuesday-Blitz-August-29-2023"]
[Site "Chess.com"]
[Date "2023.08.29"]
[Round "5"]
[White "Sleepless_Knightmare"]
[Black "chess123456s"]
[Result "0-1"]
[WhiteElo "2361"]
[BlackElo "2637"]
[TimeControl "180+1"]
[EndTime "8:54:48 PDT"]
[Termination "chess123456s won by checkmate"]

1. e4 e5 2. f4 exf4 3. Nf3 d5 4. exd5 Nf6 5. Bc4 Nxd5 6. Bxd5 Qxd5 7. Nc3 Qe6+ 8. Kf2 Qb6+ 9. d4 Be7 10. Nd5 Qd6 11. Nxe7 Kxe7 12. Re1+ Kf8 13. c4 Bg4 14. c5 Qf6 15. Re4 Bxf3 16. Qxf3 g5 17. h4 h6 18. Bd2 Qf5 19. d5 Nd7 20. Bc3 Nxc5 21. Rc4 Nd3+ 22.
Kg1 Ne5 23. Qe4 Qxe4 24. Rxe4 f6 25. Rc1 Rc8 26. Bb4+ Kf7 27. d6 cxd6 28. Rxc8 Rxc8 29. Bxd6 Ke6 30. Bb4 Rc1+ 31. Re1 Rxe1+ 32. Bxe1 Nd3 33.
Bc3 h5 34. Kf1 g4 35. Ke2 Ne5 36. Bd4 Ng6 37. Bxa7 Nxh4 38. Kf2 g3+ 39. Kf1 Kf5 40. a4 Ng6 41. b4 Ne5 42. b5 Nc4 43. Bc5 Kg4 44. Ke2 h4 45. Bb4 h3 46. gxh3+ Kxh3 47. Kf3 Ne5+ 48. Ke2 f3+ 49. Kf1 g2+ 50. Kg1 Nd3 51.
Be1 Nxe1 52. a5 Nd3 53. a6 f2# 0-1